 Dungeon Crawl Stone Soup version 0.25.0-37-gb73750e0fb (webtiles) character file.

Game seed: 10741053940586842951

79 Delamore the Skirmisher (level 4, -1/30 HPs)
             Began as a Gargoyle Fighter on July 9, 2020.
             Slain by a hobgoblin
             ... wielding a +0 club
             ... led by Robin
              (3 damage)
             ... on level 2 of the Dungeon.
             The game lasted 00:01:26 (1148 turns).

Delamore the Skirmisher (Gargoyle Fighter)          Turns: 1148, Time: 00:01:27

Health: -1/30      AC: 10    Str: 21    XL:     4   Next: 38%
Magic:  4/4        EV:  7    Int:  8    God:
Gold:   60         SH:  9    Dex:  9    Spells: 3/3 levels left

rFire    . . .     SeeInvis .   a - +0 flail
rCold    + . .     Gourm    .   c - +0 kite shield
rNeg     + . .     Faith    .   b - +0 scale mail
rPois    ∞         Spirit   .   (no helmet)
rElec    +         Reflect  .   (no cloak)
rCorr    .         Harm     .   (no gloves)
MR       .....                  (no boots)
Stlth    ..........             (no amulet)
HPRegen  0.10/turn              n - ring of protection from cold
MPRegen  0.09/turn              (no ring)

@: no status effects
A: negative energy resistance 1, electricity resistance, unbreathing,
petrification resistance, rot immunity, AC +3
a: no special abilities


You were on level 2 of the Dungeon.
You were not hungry.

You visited 1 branch of the dungeon, and saw 2 of its levels.

You collected 60 gold pieces.

Inventory:

Hand Weapons
 a - a +0 flail (weapon)
Missiles
 o - 3 javelins (quivered)
Armour
 b - a +0 scale mail (worn)
 c - a +0 kite shield (worn)
Jewellery
 n - a ring of protection from cold (left hand)
Wands
 j - a wand of random effects (20)
Scrolls
 e - a scroll of remove curse {unknown}
 g - 2 scrolls of blinking {unknown}
 h - 2 scrolls of identify {unknown}
 i - a scroll of amnesia {unknown}
 k - a scroll of teleportation {unknown}
Potions
 d - a potion of might
 l - a potion of stabbing {unknown}
Comestibles
 f - 4 rations
 m - a chunk of flesh


   Skills:
 + Level 4.5 Fighting
 + Level 3.4 Maces & Flails
 - Level 3.2 Armour
 - Level 3.2 Shields


You had 3 spell levels left.
You didn't know any spells.
Your spell library was empty.

Dungeon Overview and Level Annotations

Branches:
Dungeon (2/15)

Altars:
Xom

Annotations:
D:2 Robin


Innate Abilities, Weirdness & Mutations

You are resistant to torment.
Your stone body is resilient. (AC +3)
You are immune to poison.
You resist negative energy. (rN+)
You are resistant to electric shocks. (rElec)
You can survive without breathing.
You are immune to petrification.
You are immune to rotting.


Message History

The hobgoblin closely misses you. The kobold hits you but does no damage.
The goblin closely misses you. You block the goblin's attack.
The quokka barely misses you.
You barely miss the goblin. You block the hobgoblin's attack.
The kobold barely misses you. The quokka closely misses you.
You block the goblin's attack. The goblin hits you but does no damage.
You closely miss the goblin.
The quokka bites you but does no damage.
The kobold hits you but does no damage. You block the hobgoblin's attack.
The goblin barely misses you. The goblin closely misses you.
The quokka closely misses you. You block the kobold's attack.
The hobgoblin hits you but does no damage.
You block the goblin's attack.
You hit the goblin.
You kill the goblin!
You block the quokka's attack. The kobold hits you but does no damage.
The goblin hits you but does no damage.
The hobgoblin hits you but does no damage.
You block the goblin's attack. The hobgoblin hits you with a +0 club.
You die...

#..# #.##.# #.#
.... #.##.. ..#.#
..## #.##.# #.#.#
#.##.# #.#.#
#.##.# #.#.#
#.##.# #.#.#
#.##.# #.#.#
###g##.####.#.#
#.Kr@.........#
#.gg#.......###
#.#.##..)#.#######
#.....)..#.#
##.......#.#
....##.###.# ###.
.. ..# # ... b..
.##.


You could see Robin, a quokka, a hobgoblin (strong), a goblin (strong) and a
kobold.

Vanquished Creatures
  Terence (D:2)
  An adder (D:2)
  An ooze (D:1)
  A dart slug (D:1)
  6 bats
  A giant cockroach (D:2)
  10 goblins (D:2)
  5 hobgoblins
  8 kobolds
  A frilled lizard (D:1)
  3 rats (D:2)
38 creatures vanquished.

Notes
Turn   | Place    | Note
-------+----------+-------------------------------------------
     0 | D:1      | Delamore the Gargoyle Fighter began the quest for the Orb.
     0 | D:1      | Reached XP level 1. HP: 14/14 MP: 1/1
   167 | D:1      | Reached XP level 2. HP: 19/19 MP: 2/2
   638 | D:2      | Found a shimmering altar of Xom.
   702 | D:2      | Noticed Terence
   714 | D:2      | Killed Terence
   714 | D:2      | Reached skill level 4 in Fighting
   714 | D:2      | Reached XP level 3. HP: 18/24 MP: 3/3
   851 | D:2      | Reached XP level 4. HP: 26/30 MP: 4/4
  1113 | D:2      | Noticed Robin
  1148 | D:2      | Slain by a hobgoblin

Illustrated notes

Levels and vault maps discovered:
D:1:      dpeg_arrival_signposts, layout_basic
D:2:      layout_loops_ring, xom_butterflies, uniq_robin, uniq_terence

Skill      XL: |  1  2 |
---------------+-------+-----
Fighting       | 4 |  4.5
Maces & Flails | 3 |  3.4
Armour         | |  3.2
Shields        | |  3.2

Action                   |  1- 3 |  4- 6 || total
-------------------------+-------+-------++-------
Melee: Flail             |    89 |    61 ||   150
  Eat: Chunk             |       |     1 ||     1
Armor: Scale mail        |    72 |   114 ||   186
Dodge: Dodged            |    45 |    51 ||    96
Block: Kite shield       |    87 |    81 ||   168
